 Dungeon Sprint DCSS version 0.19.1-1-g22dce08 (webtiles) character file.

37351 dvd the Shatterer (level 13, -7/169 HPs)
             Began as an Ogre Berserker on Jan 6, 2017.
             Was the Champion of Trog.
             Killed by angry trees
             ... awakened by a spriggan druid
              (16 damage)
             ... in the Dungeon (Sprint III: "The Ten Rune Challenge").
             The game lasted 00:25:49 (4730 turns).

dvd the Shatterer (Ogre Berserker)                  Turns: 4730, Time: 00:25:50

Health: -7/169     AC:  3    Str: 27    XL:     13   Next: 12%
Magic:  13/13      EV: 17    Int:  6    God:    Trog [******]
Gold:   3572       SH:  0    Dex: 13    Spells: 0 memorised, 12 levels left

rFire  + + +     SeeInvis .     K - +6 giant club of Monotheism {drain, *Drain rElec rF+++ Stlth+}
rCold  . . .     Gourm    .     b - +0 animal skin
rNeg   . . .     Faith    .     (shield currently unavailable)
rPois  .         Spirit   .     E - +0 hat
rElec  +         Reflect  .     (no cloak)
rCorr  .         Harm     .     (gloves unavailable)
MR     ++++.     NoTele   +     (boots unavailable)
Stlth  +++++.....               (no amulet)
                                (no ring)
                                (no ring)

@: regenerating
A: unfitting armour, hooves 1, horns 1, magic resistance 1, screaming 1, strong
1, tough skin 1, subdued magic 1
a: Berserk, Trog's Hand, Brothers in Arms, Burn Spellbooks, Renounce Religion
}: 1/10 runes: barnacled


You were in the Dungeon.
You worshipped Trog.
Trog was exalted by your worship.
You were not hungry.

You visited 1 branch You collected 4121 gold pieces.
You spent 549 gold pieces at shops.

Inventory:

Hand Weapons
 a - the +4 giant spiked club of Vukk {drain, *Rage rPois Str+9 Dex+3}
   (Trog gifted it to you in the Dungeon)

   A truly terrible weapon, it drains the life of those it strikes.
   It affects your strength (+9).
   It affects your dexterity (+3).
   It protects you from poison.
   It may make you go berserk in combat.
 h - a +5 antimagic giant spiked club
 j - a +4 antimagic giant club
 l - the +8 executioner's axe of the People {freeze, rPois MR+}
   (Trog gifted it to you in the Dungeon)

   It has been specially enchanted to freeze those struck by it, causing extra
   injury to most foes and up to half again as much damage against particularly
   susceptible opponents.
   It can also slow down cold-blooded creatures.
   It protects you from poison.
   It affects your resistance to hostile enchantments.
 t - the +3 giant club of the Vestibule of Hell {crush, *Rage +Blink rN++ MR+}
   (Trog gifted it to you in the Dungeon)

   It inflicts extra damage upon your enemies.
   It greatly protects you from negative energy.
   It affects your resistance to hostile enchantments.
   It lets you blink.
   It may make you go berserk in combat.
 v - a +4 antimagic eveningstar
 w - a +6 hunting sling
 y - a +3 longbow of flaming
 B - a +1 battleaxe of freezing
 C - a +2 halberd of protection
 G - a +3 hunting sling of freezing
 I - a +5 double sword
 K - the +6 giant club of Monotheism (weapon) {drain, *Drain rElec rF+++ Stlth+}
   (Trog gifted it to you in the Dungeon)

   A truly terrible weapon, it drains the life of those it strikes.
   It renders you almost immune to fire.
   It insulates you from electricity.
   It causes draining when unequipped.
   It makes you more stealthy.
Missiles
 k - 14 steel javelins
 u - 3 poisoned javelins
 x - 4 tomahawks (quivered)
 z - 4 silver javelins
 J - 6 javelins
Armour
 b - a +0 animal skin (worn)
 E - a +0 hat (worn)
Wands
 p - a wand of confusion (28/48)
Scrolls
 m - a scroll of identify
 n - 3 scrolls of remove curse
 r - a scroll of holy word {unknown}
 s - a scroll of fog {unknown}
Potions
 d - 3 potions of curing
 e - a potion of heal wounds
 f - a potion of haste
 g - 2 potions of magic
 q - 4 potions of flight
 A - a potion of brilliance
 D - a potion of cancellation {unknown}
 H - a potion of ambrosia {unknown}
Comestibles
 c - 2 bread rations
 i - a meat ration
 o - 6 fruits
 F - 25 royal jellies


   Skills:
 + Level 21.5 Fighting
 * Level 2.3(11.8) Axes
 + Level 26.2(26.3) Maces & Flails
 + Level 4.3 Throwing
 + Level 12.5 Dodging
 + Level 8.1 Stealth


You had 12 spell levels left.
You didn't know any spells.

Dungeon Overview and Level Annotations

Branches:
Dungeon (1/1)

Altars:
Cheibriados
Dithmenos
Elyvilon
Fedhas
Gozag
Hepliaklqana
Kikubaaqudgha
Makhleb
Nemelex Xobeh
Okawaru
Qazlal
Ru
Sif Muna
Trog
Uskayaw
Vehumet
Xom
Yredelemnul
Zin
The Shining One
Beogh
Jiyva
Lugonu

Shops:
D !:(%


Innate Abilities, Weirdness & Mutations

You are too large for most types of armour.
You have tough skin. (AC +1)
You have large cloven feet.
You have a pair of small horns on your head.
You are resistant to hostile enchantments. (MR+)
You occasionally shout uncontrollably at your foes.
Your muscles are strong. (Str +2)
Your spells are a little easier to cast, but a little less powerful.


Message History

The spriggan druid completely misses you.
Unknown command.
You feel much better. Branches wave dangerously above you.
You are hit by a branch!
* * * LOW HITPOINT WARNING * * *
Your troll rages.
The spriggan druid misses you.
You swap places.
Your troll is hit by a branch!
A root smacks you from below.
* * * LOW HITPOINT WARNING * * *
Your troll bites the spriggan druid.
Your troll completely misses the spriggan druid.
Your troll claws the spriggan druid!
Okay, then.
Unknown command.
Your skin crawls.
You feel resistant to hostile enchantments.
You feel somewhat more hungry. A root smacks your troll from below.
A root smacks you from below.
You die...

.#.≈♣♣♣♣♣♣♣♣♣♣♣♣♣♣♣♣..#.......###
♣#..♣♣ ♣♣♣##+######
###.♣♣♣♣♣♣♣♣♣♣♣♣♣♣♣
♣♣♣♣.##..##≈≈≈≈≈≈..#
♣...##.##.#≈≈≈≈≈...#
♣♣.##.##.##'≈≈≈≈§####+#
♣..#†##...#≈≈...§§§§.#
♣♣.##.##.[#≈..'#######
♣♣.##.#####...#@Tii..#
♣.....##.÷....#♣♣♣i_.#
#########+###### ### ≈≈≈≈≈≈≈▓
≈≈≈≈≈≈≈▓ ≈≈≈≈≈..▓ ÷≈≈≈...▓
≈≈≈≈≈..▓ ≈≈≈≈≈..▓


You could see a spriggan druid, 2 spriggans and a friendly troll (berserk).

Vanquished Creatures
  Rupert (D)
  Gastronok (D)
  An azure jelly (D)
  Erolcha (D)
  2 hydras (D)
  4 death yaks (D)
  Urug (D)
  A sea snake (D)
  A death drake (D)
  A lindwurm (D)
  A deep elf mage (D)
  An elephant (D)
  2 black mambas (D)
  2 spiny frogs (D)
  A rime drake (D)
  A komodo dragon (D)
  A queen bee (D)
  2 tyrant leeches (D)
  8 blink frogs (D)
  3 wandering mushrooms (D)
  A dream sheep (D)
  4 redbacks (D)
  2 hill giants (D)
  A swamp drake (D)
  A necrophage (D)
  A two-headed ogre (D)
  A water elemental (D)
  A scorpion (D)
  31 killer bees (D)
  An electric eel (D)
  A jelly (D)
  An orc priest (D)
  A wizard (D)
  A necromancer (D)
  A kobold demonologist (D)
  3 humans (D)
  An orc (D)
  4 rats (D)
93 creatures vanquished.

Vanquished Creatures (collateral kills)
  Polyphemus (D)
  Ilsuiw (D)
  An azure jelly (D)
  2 dire elephants (D)
  A merfolk javelineer (D)
  An elephant (D)
  2 dream sheep (D)
  A shadow (D)
  A spatial vortex (D)
  2 orc warriors (D)
  2 two-headed ogres (D)
  2 orc wizards (D)
  5 orc priests (D)
  7 orcs (D)
29 creatures vanquished.

Vanquished Creatures (others)
  2 draconian scorchers (D)
  Nessos (D)
  6 hellions (D)
  3 yaktaurs (D)
  11 plants (D)
23 creatures vanquished.

Grand Total: 145 creatures vanquished

Notes
Turn   | Place    | Note
-------+----------+-------------------------------------------
     0 | D        | dvd the Ogre Berserker began the quest for the Orb.
     0 | D        | Reached XP level 1. HP: 24/24 MP: 1/1
    38 | D        | Reached ** piety under Trog
    58 | D        | Killed a yaktaur
    66 | D        | Noticed a scorpion
    72 | D        | Reached skill level 5 in Maces & Flails
    72 | D        | Reached XP level 2. HP: 22/36 MP: 2/2
    76 | D        | Killed a scorpion
    76 | D        | Reached skill level 7 in Maces & Flails
    76 | D        | Reached XP level 3. HP: 7/46 MP: 3/3
    76 | D        | Reached XP level 4. HP: 8/55 MP: 4/4
   103 | D        | Killed a hellion
   118 | D        | Killed a hellion
   129 | D        | Killed a hellion
   129 | D        | Killed a hellion
   130 | D        | Killed a hellion
   153 | D        | Killed a hellion
   185 | D        | Killed a white draconian scorcher
   196 | D        | Killed a white draconian scorcher
   331 | D        | Gained mutation: Your muscles are strong. (Str +2) [potion of mutation]
   331 | D        | Gained mutation: You occasionally shout uncontrollably at your foes. [potion of mutation]
   331 | D        | Gained mutation: You have large cloven feet. [potion of mutation]
   332 | D        | Gained mutation: Your mind is acute. (Int +2) [potion of mutation]
   332 | D        | Gained mutation: Your spells are a little easier to cast, but a little less powerful. [potion of mutation]
   333 | D        | Lost mutation: Your mind is acute. (Int +2) [potion of mutation]
   333 | D        | Gained mutation: You have a pair of small horns on your head. [potion of mutation]
   333 | D        | Gained mutation: You are resistant to hostile enchantments. (MR+) [potion of mutation]
   361 | D        | Noticed a water elemental
   366 | D        | Killed a water elemental
   366 | D        | Reached skill level 9 in Maces & Flails
   366 | D        | Reached skill level 5 in Dodging
   366 | D        | Reached XP level 5. HP: 65/65 MP: 5/5
   414 | D        | Found a radiant altar of Vehumet.
   414 | D        | Found a deep blue altar of Sif Muna.
   414 | D        | Found an ancient bone altar of Kikubaaqudgha.
   416 | D        | Killed a yaktaur
   418 | D        | Reached *** piety under Trog
   418 | D        | Reached skill level 1 in Stealth
   421 | D        | Reached skill level 10 in Maces & Flails
   431 | D        | Reached **** piety under Trog
   514 | D        | Found a hide-covered altar of Uskayaw.
   514 | D        | Found a roughly hewn altar of Beogh.
   514 | D        | Found an iron altar of Okawaru.
   514 | D        | Found a bloodstained altar of Trog.
   514 | D        | Noticed a human
   516 | D        | Noticed a human
   524 | D        | Killed a human
   524 | D        | Reached skill level 10 in Fighting
   524 | D        | Reached skill level 11 in Maces & Flails
   524 | D        | Reached XP level 6. HP: 78/78 MP: 6/6
   530 | D        | Killed a human
   530 | D        | Reached skill level 12 in Maces & Flails
   530 | D        | Reached XP level 7. HP: 68/87 MP: 7/7
   553 | D        | Reached ***** piety under Trog
   675 | D        | Found a glowing silver altar of Zin.
   675 | D        | Found a glowing golden altar of the Shining One.
   675 | D        | Found a white marble altar of Elyvilon.
   676 | D        | Noticed a deep elf mage
   683 | D        | Killed a deep elf mage
   683 | D        | Received a gift from Trog
   683 | D        | Reached skill level 14 in Maces & Flails
   683 | D        | Reached XP level 8. HP: 88/98 MP: 8/8
   721 | D        | Found a basalt altar of Yredelemnul.
   721 | D        | Found a shadowy altar of Dithmenos.
   721 | D        | Found a sacrificial altar of Ru.
   742 | D        | Noticed a shadow
   747 | D        | Killed a shadow
   755 | D        | Found a blossoming altar of Fedhas.
   755 | D        | Found a stormy altar of Qazlal.
   755 | D        | Found a snail-covered altar of Cheibriados.
   755 | D        | Found a burning altar of Makhleb.
   755 | D        | Found a shimmering altar of Xom.
   756 | D        | Found a hazy altar of Hepliaklqana.
   756 | D        | Found an opulent altar of Gozag.
   756 | D        | Found a sparkling altar of Nemelex Xobeh.
   756 | D        | Found a corrupted altar of Lugonu.
   756 | D        | Found a viscous altar of Jiyva.
   760 | D        | Received a gift from Trog
   760 | D        | Reached skill level 15 in Maces & Flails
   788 | D        | Received a gift from Trog
   789 | D        | Got a fine giant spiked club {god gift}
   790 | D        | Identified the +4 giant spiked club of Vukk {drain, *Rage rPois Str+9 Dex+3} (Trog gifted it to you in the Dungeon)
   951 | D        | Found Naamury's Food Shoppe.
   977 | D        | Received a gift from Trog
   984 | D        | Reached skill level 16 in Maces & Flails
   985 | D        | Received a gift from Trog
  1121 | D        | Reached XP level 9. HP: 109/109 MP: 3/9
  1183 | D        | Noticed Erolcha
  1190 | D        | Killed Erolcha
  1190 | D        | Reached skill level 17 in Maces & Flails
  1200 | D        | Reached skill level 5 in Stealth
  1202 | D        | Received a gift from Trog
  1489 | D        | Reached skill level 18 in Maces & Flails
  1511 | D        | Noticed a wandering mushroom
  1515 | D        | Noticed a wandering mushroom
  1515 | D        | Killed a yaktaur
  1517 | D        | Noticed a wandering mushroom
  1528 | D        | Reached skill level 10 in Dodging
  1539 | D        | Reached XP level 10. HP: 54/122 MP: 10/10
  1739 | D        | Noticed a spiny frog
  1739 | D        | Noticed a spiny frog
  1743 | D        | Killed a spiny frog
  1743 | D        | Reached skill level 15 in Fighting
  1743 | D        | Reached skill level 19 in Maces & Flails
  1745 | D        | Killed a spiny frog
  1745 | D        | Received a gift from Trog
  1766 | D        | Reached ****** piety under Trog
  1766 | D        | Reached skill level 1 in Throwing
  1854 | D        | Reached skill level 20 in Maces & Flails
  1905 | D        | Noticed Rupert
  1920 | D        | Killed Rupert
  1920 | D        | Received a gift from Trog
  1920 | D        | Reached skill level 21 in Maces & Flails
  1920 | D        | Reached XP level 11. HP: 113/137 MP: 11/11
  2098 | D        | Noticed a death yak
  2099 | D        | Noticed a death yak
  2106 | D        | Killed a death yak
  2107 | D        | Noticed a death yak
  2108 | D        | Noticed a death yak
  2111 | D        | Reached skill level 22 in Maces & Flails
  2112 | D        | Killed a death yak
  2114 | D        | Killed a death yak
  2116 | D        | Killed a death yak
  2116 | D        | Received a gift from Trog
  2121 | D        | Reached skill level 23 in Maces & Flails
  2144 | D        | Noticed an azure jelly
  2144 | D        | Noticed an azure jelly
  2181 | D        | Noticed an azure jelly
  2181 | D        | Noticed an azure jelly
  2182 | D        | Noticed a dire elephant
  2182 | D        | Noticed a dire elephant
  2182 | D        | Noticed Gastronok
  2186 | D        | Killed a dire elephant
  2189 | D        | Killed a dire elephant
  2189 | D        | Received a gift from Trog
  2192 | D        | Killed Gastronok
  2192 | D        | Reached skill level 24 in Maces & Flails
  2192 | D        | Reached XP level 12. HP: 45/152 MP: 5/12
  2586 | D        | Noticed Polyphemus
  2599 | D        | Killed Polyphemus
  2602 | D        | Received a gift from Trog
  2611 | D        | Noticed Ilsuiw
  2612 | D        | Found Hastrukiw's Distillery.
  2618 | D        | Found Zitaom's Book Boutique.
  2620 | D        | Killed Ilsuiw
  2620 | D        | Reached skill level 25 in Maces & Flails
  2642 | D        | Found Baipiy's Antique Weapon Emporium.
  2827 | D        | Noticed a merfolk javelineer
  2845 | D        | Killed a merfolk javelineer
  2898 | D        | Got a barnacled rune of Zot
  2913 | D        | Bought a potion of haste for 130 gold pieces
  2913 | D        | Bought a potion of curing for 39 gold pieces
  2913 | D        | Bought a potion of heal wounds for 65 gold pieces
  2974 | D        | Killed an azure jelly
  3429 | D        | Bought a bread ration for 70 gold pieces
  3429 | D        | Bought a meat ration for 70 gold pieces
  3429 | D        | Bought a bread ration for 70 gold pieces
  3429 | D        | Bought 2 fruits for 42 gold pieces
  3429 | D        | Bought 3 fruits for 63 gold pieces
  3476 | D        | Received a gift from Trog
  3491 | D        | Got an encrusted executioner's axe {god gift}
  3492 | D        | Identified the +8 executioner's axe of the People {freeze, rPois MR+} (Trog gifted it to you in the Dungeon)
  3529 | D        | Received a gift from Trog
  3534 | D        | Got a slimy giant club {god gift}
  3549 | D        | Received a gift from Trog
  3552 | D        | Received a gift from Trog
  3757 | D        | Killed an azure jelly
  3805 | D        | Identified the +3 giant club of the Vestibule of Hell {crush, *Rage +Blink rN++ MR+} (Trog gifted it to you in the Dungeon)
  4216 | D        | Received a gift from Trog
  4229 | D        | Reached skill level 26 in Maces & Flails
  4230 | D        | Noticed Urug
  4237 | D        | Killed Urug
  4237 | D        | Reached XP level 13. HP: 169/169 MP: 13/13
  4302 | D        | Reached skill level 1 in Axes
  4309 | D        | Received a gift from Trog
  4310 | D        | Got a scorched giant club {god gift}
  4313 | D        | Identified the +6 giant club of Monotheism {drain, *Drain rElec rF+++ Stlth+} (Trog gifted it to you in the Dungeon)
  4523 | D        | Killed Nessos
  4718 | D        | Found a blossoming altar of Fedhas.
  4721 | D        | Paralysed by a spriggan for 6 turns
  4729 | D        | HP: 8/169 [spriggan druid/angry trees (16)]
  4730 | D        | Killed from afar by a spriggan druid

Skill      XL: |  1  2  3  4  5  6  7  8  9 10 11 12 13 |
---------------+----------------------------------------+-----
Dodging        | 3 4 5 6 7 8 9 10 11 12 | 12.5
Fighting       | 6 7 8 10 12 13 14 16 18 21 | 21.5
Maces & Flails | 5 7 9 11 12 14 16 18 21 24 26 | 26.2
Stealth        | 1 2 3 4 5 6 7 8 |  8.1
Throwing       | 2 4 |  4.3
Axes           | 2 |  2.3

Action                   |  1- 3 |  4- 6 |  7- 9 | 10-12 | 13-15 || total
-------------------------+-------+-------+-------+-------+-------++-------
Melee: Mace              |    19 |    22 |     6 |       |       ||    47
       Kick              |       |     8 |    24 |    42 |     4 ||    78
       Headbutt          |       |     2 |    16 |    28 |     4 ||    50
       Great mace        |       |       |    13 |       |       ||    13
       Giant spiked club |       |       |    30 |   129 |     6 ||   165
       Giant club        |       |       |       |       |     9 ||     9
Throw: Javelin           |       |       |     2 |     3 |       ||     5
       Tomahawk          |       |       |       |     2 |       ||     2
Invok: Berserk           |     1 |     3 |       |     3 |     2 ||     9
       Trog's Hand       |       |     1 |     1 |     1 |     2 ||     5
       Burn Spellbooks   |       |     1 |     1 |       |       ||     2
       Brothers in Arms  |       |       |     2 |     6 |     1 ||     9
Evoke: Wand              |       |       |       |       |     1 ||     1
  Use: Potion            |       |     6 |       |     3 |     1 ||    10
       Scroll            |       |       |       |     2 |     1 ||     3
 Stab: Sleeping          |     1 |       |     1 |     2 |       ||     4
       Distracted        |       |       |       |     5 |       ||     5
  Eat: Fruit             |       |     1 |       |     1 |     1 ||     3
       Chunk             |       |       |     6 |     5 |       ||    11
       Royal jelly       |       |       |       |     2 |     2 ||     4
       Bread ration      |       |       |       |     1 |       ||     1
Armor: Animal skin       |     4 |     2 |     4 |     7 |       ||    17
Dodge: Dodged            |     8 |     7 |    26 |    83 |    15 ||   139
